 Dungeon Crawl Stone Soup version 0.19-a0-1891-ge1d1fe8 (webtiles) character file.

2258 Naow the Cleaver (level 9, -2/71 HPs)
             Began as a Formicid Fighter on Oct 18, 2016.
             Was an Initiate of Okawaru.
             Slain by a bullfrog (9 damage)
             ... on level 6 of the Dungeon.
             The game lasted 00:11:00 (6232 turns).

Naow the Cleaver (Formicid Fighter)                 Turns: 6232, Time: 00:11:01

Health: -2/71      AC: -1    Str: 24    XL:     9   Next: 64%
Magic:  10/10      EV:  9    Int:  8    God:    Okawaru [......]
Gold:   354        SH: 10    Dex: 10    Spells: 0 memorised, 8 levels left

rFire  . . .     SeeInvis +     a - +0 war axe
rCold  . . .     Gourm    +     b - +0 scale mail
rNeg   + . .     Faith    .     c - +0 shield
rPois  +         Spirit   .     (helmet unavailable)
rElec  .         Reflect  .     z - +0 cloak
rCorr  .         Harm     .     g - +0 pair of gloves
MR     .....                    (no boots)
Stlth  ..........               n - amulet of the gourmand
                                (no ring)
                                i - ring of positive energy

@: corroded
A: permanent stasis, dig shafts and tunnels, four strong arms, antennae 3,
poison resistance, no device heal 1
a: Dig, Shaft Self, Renounce Religion


You were on level 6 of the Dungeon.
You worshipped Okawaru.
Okawaru was noncommittal.
You were completely stuffed.

You visited 2 branches of the dungeon, and saw 7 of its levels.
You also visited: Sewer.

You collected 354 gold pieces.

Inventory:

Hand Weapons
 a - a +0 war axe (weapon)
Armour
 b - a +0 scale mail (worn)
 c - a +0 shield (worn)
 g - a +0 pair of gloves (worn)
 z - a +0 cloak (worn)
Jewellery
 i - a ring of positive energy (left hand)
 n - an amulet of the gourmand (around neck)
 y - a cursed -3 ring of protection {unknown}
 D - a cursed -3 ring of strength {unknown}
 F - an uncursed ring of positive energy
Wands
 w - a wand of iceblast (3/15)
 H - a wand of flame (21/48)
Scrolls
 e - a scroll of enchant weapon {unknown}
 h - 5 scrolls of remove curse {unknown}
 j - 6 scrolls of identify {unknown}
 k - a scroll of magic mapping {unknown}
 l - a scroll of random uselessness {unknown}
 m - 3 scrolls of teleportation {unknown}
 q - a scroll of recharging {unknown}
 r - 6 scrolls of fear {unknown}
 C - a scroll of enchant armour {unknown}
 E - a scroll of immolation {unknown}
Potions
 d - a potion of degeneration {unknown}
 o - 4 potions of curing
 p - a potion of resistance {unknown}
 s - a potion of mutation
 t - a potion of might
 u - a potion of magic {unknown}
 v - a potion of brilliance {unknown}
 B - a potion of cure mutation {unknown}
 I - a potion of lignification {unknown}
 J - a potion of haste {unknown}
Comestibles
 f - 8 bread rations
 x - a slice of pizza
 A - 6 chunks of flesh
 G - a meat ration


   Skills:
 - Level 6.4 Fighting
 + Level 8.8 Axes
 - Level 6.2 Armour
 - Level 6.6 Shields
 - Level 2.5 Evocations


You had 8 spell levels left.
You didn't know any spells.

Dungeon Overview and Level Annotations

Branches:
Dungeon (6/15)             Temple (1/1) D:5

Altars:
Ashenzari
Elyvilon
Fedhas
Kikubaaqudgha
Makhleb
Okawaru
Ru
Vehumet
Xom
Yredelemnul
Zin
The Shining One

Annotations:
D:6 Dowan


Innate Abilities, Weirdness & Mutations

You are under a permanent stasis effect.
You can dig through walls and to a lower floor.
Your four strong arms can wield two-handed weapons with a shield.
You have a pair of large antennae on your head. (SInv)
Your system is resistant to poisons. (rPois)
Potions and wands are less effective at restoring your health.


Message History

Dowan seems to find hidden reserves of power!
The bullfrog closely misses you.
Dowan mumbles some strange words.
Dowan blinks!
You block the bullfrog's attack. You block the bullfrog's attack.
You block the bullfrog's attack. The bullfrog hits you.
* * * LOW HITPOINT WARNING * * *
Dowan mumbles some strange words.
Dowan blinks!
You block the bullfrog's attack.
Dowan gestures wildly while chanting.
Dowan blinks!
You block the bullfrog's attack. The bullfrog barely misses you.
The bullfrog hits you.
* * * LOW HITPOINT WARNING * * *
The bullfrog hits you!
You die...

#.##...## #.##...#
#######.##...## #.......#8...8#
#.########...#### ###
#.#8###8##...##8###8### ####
#.....................#
...#####.....................#
............O.JF@............####
##.#######8###8##...##8###8#.....
##.# ### ####...#### ######.#
...# #8...8#####.####.# ...#
##...##........... .#.####
#...######.####.# .†.)..#
#...##.....####.# ##.####
...8#####......# ..> #........##


You could see an ogre, a bullfrog and a jelly.

Vanquished Creatures
  A troll (D:5)
  The ghost of drd the Magician, an amateur DESu (D:3)
  Sigmund (D:3)
  The ghost of Flanowski the Slasher, an amateur NaGl of Okawaru (Sewer)
  Edmund (D:5)
  Duvessa (D:6)
  2 phantoms
  2 centaurs (D:5)
  4 big kobolds (Sewer)
  Blork the orc (D:5)
  A crimson imp (D:5)
  A jelly (D:5)
  5 orc priests
  Crazy Yiuf (D:3)
  5 orc wizards
  A worker ant (D:4)
  A worker ant zombie (D:6)
  Robin (D:3)
  A howler monkey skeleton (D:5)
  12 adders
  4 oozes
  An adder skeleton (D:5)
  11 worms
  2 dart slugs
  2 leopard geckos (D:3)
  22 orcs
  3 giant cockroaches
  14 goblins
  7 hobgoblins
  9 jackals
  11 kobolds
  A quokka (D:5)
  4 ball pythons
  9 bats
  5 frilled lizards
  A leopard gecko skeleton (D:6)
  A quokka zombie (D:5)
  16 rats
167 creatures vanquished.

Notes
Turn   | Place    | Note
-------+----------+-------------------------------------------
     0 | D:1      | Naow the Formicid Fighter began the quest for the Orb.
     0 | D:1      | Reached XP level 1. HP: 18/18 MP: 1/1
   177 | D:1      | Reached XP level 2. HP: 24/24 MP: 2/2
   380 | D:1      | Reached XP level 3. HP: 30/30 MP: 3/3
   925 | D:2      | Reached XP level 4. HP: 33/37 MP: 4/4
   942 | D:2      | Found a glowing golden altar of the Shining One.
   942 | D:2      | Found a glowing silver altar of Zin.
   952 | D:2      | Found a blossoming altar of Fedhas.
  1533 | D:3      | Reached skill level 3 in Axes
  1622 | D:3      | Found a glowing drain.
  1634 | Sewer    | Entered a sewer
  1634 | Sewer    | Noticed Flanowski's ghost (amateur NaGl)
  1646 | Sewer    | Killed Flanowski's ghost
  1646 | Sewer    | Reached XP level 5. HP: 7/43 MP: 5/5
  1646 | Sewer    | Reached XP level 6. HP: 8/49 MP: 6/6
  1962 | Sewer    | Reached skill level 4 in Axes
  2240 | Sewer    | Reached skill level 5 in Shields
  2240 | Sewer    | Reached XP level 7. HP: 32/55 MP: 7/7
  2263 | Sewer    | Gained mutation: Potions and wands are less effective at restoring your health. [potion of mutation]
  2263 | Sewer    | Gained mutation: Your system is resistant to poisons. (rPois) [potion of mutation]
  2693 | Sewer    | Reached skill level 5 in Armour
  2759 | Sewer    | Reached skill level 5 in Fighting
  2759 | Sewer    | Reached skill level 5 in Axes
  3009 | D:3      | Noticed Robin
  3021 | D:3      | Killed Robin
  3211 | D:3      | Noticed Sigmund
  3220 | D:3      | Killed Sigmund
  3220 | D:3      | Reached XP level 8. HP: 49/62 MP: 8/8
  3286 | D:3      | Noticed drd's ghost (amateur DESu)
  3358 | D:3      | Killed drd's ghost
  3588 | D:3      | Found a runed door.
  3798 | D:3      | Reached skill level 6 in Axes
  3947 | D:3      | Noticed Crazy Yiuf
  3951 | D:3      | Killed Crazy Yiuf
  4855 | D:5      | Entered Level 5 of the Dungeon
  4927 | D:5      | Reached XP level 9. HP: 50/70 MP: 9/9
  4986 | D:5      | Found a radiant altar of Vehumet.
  5038 | D:5      | Noticed Edmund
  5050 | D:5      | Killed Edmund
  5079 | D:5      | Reached skill level 7 in Axes
  5108 | D:5      | Noticed a troll
  5118 | D:5      | Killed a troll
  5161 | D:5      | Reached skill level 8 in Axes
  5221 | D:5      | Noticed Blork the orc
  5227 | D:6      | Noticed Dowan
  5228 | D:6      | Noticed Duvessa
  5505 | D:5      | Killed Blork the orc
  5617 | D:5      | Found a staircase to the Ecumenical Temple.
  5715 | Temple   | Entered the Ecumenical Temple
  5801 | Temple   | Became a worshipper of Warmaster Okawaru
  6210 | D:6      | Killed Duvessa
  6232 | D:6      | Slain by a bullfrog

Vault maps used:
D:1:      ncdulo_halloftheorcs, minmay_pentomino_u2
D:2:      grunt_temple_overflow_open, st_stairs_2
D:3:      gup_sewer_entry_spiral, uniq_crazy_yiuf_cottage, uniq_robin,
          uniq_sigmund
D:4:      first_bread, kennysheep_flooded_box
D:5:      fiery_altar_vehumet, kennysheep_generic_room_10, uniq_edmund,
          uniq_blork_the_orc
D:6:      old_standard_altar, serial_corexii_hall, corexii_hall_statues_i,
          corexii_hall_statues_x, uniq_duvessa, uniq_menkaure
Temple:   dpeg_chambers_temple
Sewer:    sewer_co_tree

Skill      XL: |  1  2  3  4  5  6  7  8  9 |
---------------+----------------------------+-----
Shields        | 4 5 6 |  6.6
Armour         | 4 5 6 |  6.2
Axes           | 3 4 5 6 8 |  8.8
Fighting       | 4 5 6 |  6.4
Evocations     | 2 |  2.5

Action                   |  1- 3 |  4- 6 |  7- 9 || total
-------------------------+-------+-------+-------++-------
Melee: War axe           |   112 |   189 |   451 ||   752
 Abil: Dig               |       |       |     1 ||     1
Evoke: Wand              |       |       |     1 ||     1
  Use: Potion            |       |     1 |     2 ||     3
 Stab: Distracted        |     1 |       |       ||     1
  Eat: Chunk             |    15 |     5 |    14 ||    34
Armor: Scale mail        |    52 |    74 |   132 ||   258
Dodge: Dodged            |    36 |    64 |   122 ||   222
Block: Shield            |    57 |    97 |   240 ||   394
